Construct Infanterie Kompanie
Selects Breakthrough Battlegroup
Selects Assault Grenadiers
Infanterie Officer Quarters
Construct Panzergrenadier Kompanie
Pak 40 Anti-tank Gun Team
Selects Mechanized Assault Group
Construct Panzer Kompanie
Nebelwerfer 42 Rocket Launcher Team
Pak 40 Anti-tank Gun Team